 Dungeon Crawl Stone Soup version 0.21.1-1-g345015f (webtiles) character file.

1984 kae the Cleaver (level 9, -1/80 HPs)
             Began as a Hill Orc Fighter on June 15, 2018.
             Was an Initiate of Beogh.
             Slain by an Executioner (3 damage)
             ... on level 2 of the Abyss.
             The game lasted 00:05:24 (6208 turns).

kae the Cleaver (Hill Orc Fighter)                  Turns: 6208, Time: 00:05:25

Health: -1/80      AC: 15    Str: 22    XL:     9   Next: 21%
Magic:  10/10      EV:  7    Int:  8    God:    Beogh [......]
Gold:   211        SH:  9    Dex: 10    Spells: 8/8 levels left

rFire    . . .     SeeInvis .   a - +0 war axe
rCold    . . .     Gourm    .   c - +0 shield
rNeg     . . .     Faith    .   b - +0 scale mail
rPois    +         Spirit   .   q - +1 helmet
rElec    .         Reflect  .   x - +1 cloak {MR+}
rCorr    .         Harm     .   r - +2 pair of gloves
MR       +....                  D - +0 pair of boots
Stlth    ..........             (no amulet)
HPRegen  0.23/turn              e - -2 ring of protection (curse)
MPRegen  0.12/turn              d - ring of poison resistance

@: about to teleport
A: no striking features
a: Renounce Religion


You were on level 2 of the Abyss.
You worshipped Beogh.
Beogh was noncommittal.
You were not hungry.

You visited 1 branch of the dungeon, and saw 6 of its levels.
You visited the Abyss 1 time.

You collected 315 gold pieces.
You spent 104 gold pieces at shops.

Inventory:

Hand Weapons
 a - a +0 war axe (weapon)
 n - a +0 whip of distortion
Armour
 b - a +0 scale mail (worn)
 c - a +0 shield (worn)
 q - a +1 helmet (worn)
 r - a +2 pair of gloves (worn)
 x - a +1 cloak of magic resistance (worn)
 D - a +0 pair of boots (worn)
Jewellery
 d - a ring of poison resistance (right hand)
 e - a cursed -2 ring of protection (left hand)
 p - an uncursed amulet of rage
 u - a +1 ring of evasion
Wands
 k - a wand of digging (19)
 w - a wand of paralysis (14)
 y - a wand of clouds (7)
 C - a wand of disintegration (15)
Scrolls
 i - 3 scrolls of fog
 l - 7 scrolls of identify
 s - 3 scrolls of magic mapping
 v - 2 scrolls of remove curse
 B - a scroll of teleportation
Potions
 g - a potion of lignification
 h - 4 potions of curing
 j - a potion of haste
 m - 2 potions of flight
 o - 3 potions of degeneration
 t - a potion of heal wounds
 z - a potion of berserk rage {unknown}
Comestibles
 f - 5 rations


   Skills:
 + Level 7.7 Fighting
 * Level 10.7 Axes
 + Level 7.0 Armour
 - Level 3.2 Shields
 + Level 2.6 Invocations
 + Level 1.7 Evocations


You had 8 spell levels left.
You didn't know any spells.

Dungeon Overview and Level Annotations

Branches:
Dungeon (6/15)             Temple (0/1) D:6

Altars:
Cheibriados
Kikubaaqudgha
Trog
Vehumet
Zin

Shops:
D:4 }%(}?


Message History

The Executioner gestures at you.
You easily resist.
You block the Executioner's attack. x2; The Executioner closely misses you.
The Executioner hits you!
* * * LOW HITPOINT WARNING * * *
The Executioner barely misses you. You block the Executioner's attack.
The Executioner hits you but does no damage.
You block the Executioner's attack. x2; The Executioner hits you.
* * * LOW HITPOINT WARNING * * *
The Executioner hits you but does no damage.
The Executioner barely misses you. The Executioner hits you!
* * * LOW HITPOINT WARNING * * *
The Executioner hits you.
* * * LOW HITPOINT WARNING * * *
You block the Executioner's attack. The Executioner closely misses you.
You block the Executioner's attack.
The Executioner hits you but does no damage.
You block the Executioner's attack. The Executioner completely misses you.
The Executioner hits you.
You die...

# #. ##..# #.. .#.#..
.. # ..#. #....# ....##
..... ..# #. ...#
#...#...#.. .#.# #...##
.###..## #
#..#.#.##.....#.#.# ..
#.##.#.##.#..#..#
###..# #. #.@1.#...#
...# ##...###.....#
##.###.#...##.###.# .
...#...#.._# ..#
..........#...#
#........####...#..#..
#.##.#...#....#.###....
. ................##.
..#.##..............#


You could see an Executioner.

Vanquished Creatures
  A water moccasin (D:5)
  Purgy (D:4)
  A black bear (D:6)
  A sky beast (D:5)
  2 ice beasts
  4 phantoms
  5 ogres
  2 crimson imps (D:5)
  A centaur zombie (D:5)
  3 hounds
  Crazy Yiuf (D:4)
  A centaur skeleton (D:4)
  A bullfrog skeleton (D:5)
  Natasha (thrice) (D:4)
  3 worker ants (D:4)
  Robin (D:4)
  5 gnolls
  11 adders
  4 oozes
  6 worms
  4 dart slugs
  2 leopard geckos
  9 orcs
  5 giant cockroaches
  8 hobgoblins
  4 quokkas
  A ball python (D:4)
  9 bats
  4 frilled lizards
  16 goblins
  4 kobolds
  11 rats
134 creatures vanquished.

Vanquished Creatures (others)
  An orc (D:6)
1 creature vanquished.

Grand Total: 135 creatures vanquished

Notes
Turn   | Place    | Note
-------+----------+-------------------------------------------
     0 | D:1      | kae the Hill Orc Fighter began the quest for the Orb.
     0 | D:1      | Reached XP level 1. HP: 19/19 MP: 1/1
   129 | D:1      | Reached skill level 3 in Axes
   358 | D:1      | Reached XP level 2. HP: 27/27 MP: 2/2
   724 | D:2      | Reached XP level 3. HP: 8/33 MP: 3/3
  1063 | D:2      | Reached skill level 4 in Axes
  1351 | D:2      | Found a snail-covered altar of Cheibriados.
  1635 | D:2      | Noticed a moth of wrath
  1637 | D:2      | Found a bloodstained altar of Trog.
  1681 | D:2      | Reached XP level 4. HP: 23/40 MP: 4/4
  1944 | D:3      | Found a glowing silver altar of Zin.
  1997 | D:3      | Found a bloodstained altar of Trog.
  2000 | D:3      | Reached skill level 5 in Axes
  2085 | D:3      | Reached XP level 5. HP: 46/47 MP: 5/5
  2554 | D:4      | Found Futono's Gadget Emporium.
  2767 | D:4      | Noticed a phantom
  2841 | D:4      | Killed a phantom
  2841 | D:4      | Reached skill level 5 in Fighting
  2841 | D:4      | Reached skill level 6 in Axes
  2841 | D:4      | Reached XP level 6. HP: 32/56 MP: 6/6
  3096 | D:4      | Found Jirusi's Antique Weapon Shop.
  3109 | D:4      | Noticed Natasha
  3121 | D:4      | Killed Natasha
  3193 | D:4      | Found Vauvagish's Food Shoppe.
  3205 | D:4      | Noticed Purgy
  3220 | D:4      | Killed Purgy
  3220 | D:4      | Reached skill level 7 in Axes
  3220 | D:4      | Reached skill level 5 in Armour
  3232 | D:4      | Noticed Robin
  3236 | D:4      | Reached XP level 7. HP: 61/61 MP: 7/7
  3242 | D:4      | Killed Robin
  3398 | D:4      | Noticed Natasha
  3405 | D:4      | Killed Natasha
  3549 | D:4      | Noticed Natasha
  3555 | D:4      | Killed Natasha
  3587 | D:4      | Found Girust's Magic Scroll Emporium.
  3595 | D:4      | Bought a scroll of identify for 22 gold pieces
  3597 | D:4      | Bought a scroll of identify for 22 gold pieces
  3597 | D:4      | Bought a scroll of identify for 22 gold pieces
  3597 | D:4      | Bought a scroll of magic mapping for 38 gold pieces
  3651 | D:4      | Found an ancient bone altar of Kikubaaqudgha.
  3737 | D:4      | Found a runed door.
  3781 | D:4      | Found Yryllimu's Gadget Emporium.
  3994 | D:4      | Noticed Crazy Yiuf
  3998 | D:4      | Killed Crazy Yiuf
  4031 | D:5      | Entered Level 5 of the Dungeon
  4099 | D:5      | Reached skill level 8 in Axes
  4142 | D:5      | Reached XP level 8. HP: 60/71 MP: 8/8
  4182 | D:5      | Reached skill level 9 in Axes
  4217 | D:5      | Found a radiant altar of Vehumet.
  4919 | D:6      | Became a worshipper of Beogh the Brigand
  4970 | D:6      | Reached skill level 10 in Axes
  5080 | D:6      | Found a staircase to the Ecumenical Temple.
  5092 | D:6      | Reached skill level 1 in Invocations
  5095 | D:6      | Reached skill level 1 in Evocations
  5095 | D:6      | Reached XP level 9. HP: 28/79 MP: 8/10
  6180 | D:6      | Cast into level 2 of the Abyss (gnoll sergeant)
  6181 | Abyss:2  | Found a corrupted altar of Lugonu.
  6197 | Abyss:2  | Noticed an Executioner
  6201 | Abyss:2  | Found a corrupted altar of Lugonu.
  6207 | Abyss:2  | HP: 2/80 [Executioner (8)]
  6208 | Abyss:2  | Slain by an Executioner

Skill      XL: |  1  2  3  4  5  6  7  8  9 |
---------------+----------------------------+-----
Axes           | 3 4 5 6 7 8 10 | 10.7
Fighting       | 4 5 6 7 |  7.7
Armour         | 4 5 6 7 |  7.0
Invocations    | 1 2 |  2.6
Evocations     | 1 |  1.7
Shields        | |  3.2

Action                   |  1- 3 |  4- 6 |  7- 9 || total
-------------------------+-------+-------+-------++-------
Melee: War axe           |   123 |   190 |   223 ||   536
Invok: Convert to Beogh  |       |       |     1 ||     1
Evoke: Wand              |       |       |     2 ||     2
  Use: Scroll            |     2 |     4 |     7 ||    13
       Potion            |       |     1 |     1 ||     2
 Stab: Paralysed         |       |       |     2 ||     2
  Eat: Chunk             |     2 |     6 |     7 ||    15
       Ration            |       |       |     1 ||     1
Armor: Scale mail        |    65 |    86 |   104 ||   255
Dodge: Dodged            |    41 |    53 |    67 ||   161
Block: Shield            |    75 |    78 |   118 ||   271
